 Dungeon Crawl Stone Soup version 0.30-a0-824-g6c64550be9 (webtiles) character file.

Game seed: 16757865841233526066

375 Wobber the Changer (level 6, -7/50 HPs)
             Began as a Demigod Transmuter on Feb 27, 2023.
             Mangled by a wraith (11 damage)
             ... on level 5 of the Dungeon.
             The game lasted 00:12:12 (3490 turns).

Wobber the Changer (Demigod Transmuter)             Turns: 3490, Time: 00:12:12

Health: -7/50      AC:  4    Str: 16    XL:     6   Next: 20%
Magic:  13/13      EV: 18    Int: 19    God:
Gold:   109        SH:  0    Dex: 21    Spells: 7/10 levels left

rFire   . . .      SeeInvis .    b - +0 long sword
rCold   + . .      Faith    .    (no shield)
rNeg    . . .      Spirit   .    c - +0 robe
rPois   .          Reflect  .    H - +1 helmet
rElec   .          Harm     .    (no cloak)
rCorr   .          Rampage  .    (no gloves)
Will    .....                    (no boots)
Stlth   ++                       p - amulet of the acrobat
HPRegen 0.28/turn                G - ring of Wajag {EV+5 Str+5 Dex+3}
MPRegen 0.13/turn                t - ring of protection from cold

@: wereblooded (expiring), slowed, very slow
A: high MP 1, forlorn, divine attributes
a: no special abilities


You were on level 5 of the Dungeon.
You visited 1 branch of the dungeon, and saw 5 of its levels.

You collected 109 gold pieces.

Inventory:

Hand Weapons
 a - a +0 sling
 b - a +0 long sword (weapon)
 f - a +0 dagger
 B - a +2 dagger of electrocution
Missiles
 h - 2 datura-tipped darts
 C - 6 poisoned darts
Armour
 c - a +0 robe (worn)
 H - a +1 helmet (worn)
 I - an orb of guile
Jewellery
 l - a ring of resist corrosion
 p - an amulet of the acrobat (around neck)
 q - a ring of ice
 t - a ring of protection from cold (right hand)
 x - a ring of fire
 G - the ring of Wajag (left hand) {EV+5 Str+5 Dex+3}
   (You found it on level 4 of the Dungeon)

   [ring of evasion]

   EV:        It affects your evasion (+5).
   Str:       It affects your strength (+5).
   Dex:       It affects your dexterity (+3).
Wands
 A - a wand of flame (11)
 E - a wand of polymorph (8)
 F - a wand of digging (8)
Scrolls
 w - 2 scrolls of amnesia
 y - a scroll of silence
 D - a scroll of teleportation
Potions
 j - a potion of brilliance {unknown}
 k - 2 potions of attraction
 m - 2 potions of degeneration
 n - a potion of might {unknown}
 o - 2 potions of haste {unknown}
 r - a potion of curing
 u - 2 potions of lignification
 z - a potion of heal wounds {unknown}
 J - a potion of invisibility {unknown}


   Skills:
 + Level 2.4 Fighting
 + Level 2.1 Long Blades
 - Level 2.0 Ranged Weapons
 + Level 2.9 Dodging
 - Level 2.6 Unarmed Combat
 + Level 2.8 Spellcasting
 * Level 3.0 Transmutations
 * Level 0.2 Ice Magic


You had 7 spell levels left.
You knew the following spells:

 Your Spells              Type           Power      Damage    Failure   Level
a - Beastly Appendage     Tmut           28%        N/A       4%          1
b - Wereblood             Tmut           14%        N/A       7%          2

Your spell library contained the following spells:

 Spells                   Type           Power      Damage    Failure   Level
 Cigotuvi's Dreadful Rot  Necr/Pois/Air  4%         N/A       24%         2
 Poisonous Vapours        Pois/Air       4%         N/A       24%         2
 Spider Form              Tmut/Pois      8%         N/A       26%         3
 Mephitic Cloud           Conj/Pois/Air  2%         N/A       43%         3
 Ice Form                 Ice/Tmut       8%         N/A       61%         4


Dungeon Overview and Level Annotations

Branches:
Dungeon (5/15)             Temple (0/1) D:4

Shops:
D:4 [


Innate Abilities, Weirdness & Mutations

You have an increased reservoir of magic. (+10% MP)
You shall have no god before yourself.
Your divine heritage dramatically boosts your attributes as you level up.


Message History

You hit the wraith but do no damage.
The wraith is lightly damaged.
The wraith hits you! The wraith drains your vigour!
You feel yourself slow down.
You hit the wraith.
The wraith is moderately damaged.
The wraith hits you. The wraith hits you! The wraith drains your vigour!
You feel as though you will be slow longer.
You closely miss the wraith.
The wraith is lightly damaged.
The wraith barely misses you. The wraith completely misses you.
You hit the wraith.
The wraith is moderately damaged.
The wraith completely misses you. The wraith hits you!
* * * LOW HITPOINT WARNING * * *
The wraith drains your vigour!
You feel as though you will be slow longer.
You closely miss the wraith.
The wraith is moderately damaged.
The wraith misses you. The wraith hits you!
* * * LOW HITPOINT WARNING * * *
The wraith drains your vigour!
You feel as though you will be slow longer.
Okay, then.
You feel better. The wraith misses you. x2
Aiming: Polymorph
Press: ? - help, Shift-Dir - straight line, f/p - wraith
Aim: a wraith (moderately damaged, not susceptible)
The wraith is unaffected.
Your primal bloodlust is almost over.
The wraith misses you.
Aiming: Throw Flame
Press: ? - help, Shift-Dir - straight line, f/p - wraith
Aim: a wraith (moderately damaged, 68% to hit)
The puff of flame misses the wraith.
The wraith hits you.
* * * LOW HITPOINT WARNING * * *
The wraith drains your vigour!
You feel as though you will be slow longer.
The wraith hits you!
You die...

.......# ....... #.....#
###.....##. #..........
#.......... #..W.......
#..@....... #..........
##......##.
##...##......##
#....#.........
+....#†.........
#.......#....#..........
#.......#....##......##.
#.......#....##......#


You could see a wraith.

Vanquished Creatures
  A bullfrog (D:3)
  A scorpion (D:4)
  A jelly (D:4)
  Terence (D:3)
  Ijyb (D:3)
  3 gnolls (D:2)
  6 adders
  2 ufetubi
  2 worms
  5 orcs
  4 bats
  4 endoplasms
  A giant cockroach (D:1)
  9 goblins
  10 hobgoblins
  4 jackals (D:1)
  3 quokkas
  5 ball pythons
  2 frilled lizards (D:1)
  4 kobolds
  3 rats
72 creatures vanquished.

Notes
Turn   | Place    | Note
-------+----------+-------------------------------------------
     0 | D:1      | Wobber the Demigod Transmuter began the quest for the Orb.
     0 | D:1      | Reached XP level 1. HP: 15/15 MP: 5/5
    74 | D:1      | Reached skill level 1 in Fighting
   338 | D:1      | Reached XP level 2. HP: 23/23 MP: 5/7
   356 | D:1      | Reached skill level 2 in Transmutations
   785 | D:2      | Reached XP level 3. HP: 26/28 MP: 6/8
   956 | D:2      | Learned a level 2 spell: Wereblood
   995 | D:2      | Reached skill level 1 in Ranged Weapons
  1218 | D:2      | Reached XP level 4. HP: 36/36 MP: 8/10
  1664 | D:3      | Noticed Terence
  1676 | D:3      | Killed Terence
  1869 | D:3      | Noticed a bullfrog
  1886 | D:3      | Killed a bullfrog
  1887 | D:3      | Reached XP level 5. HP: 18/41 MP: 9/11
  1998 | D:3      | Noticed Ijyb
  2013 | D:3      | Killed Ijyb
  2014 | D:3      | Reached skill level 1 in Long Blades
  2795 | D:4      | Identified the ring of Wajag {EV+5 Str+5 Dex+3}
  2872 | D:4      | Reached skill level 3 in Transmutations
  2872 | D:4      | Reached XP level 6. HP: 34/50 MP: 9/13
  3151 | D:4      | Found a staircase to the Ecumenical Temple.
  3216 | D:4      | Found Lygginue's Armour Shop.
  3436 | D:5      | Entered Level 5 of the Dungeon
  3471 | D:5      | Noticed a wraith
  3487 | D:5      | HP: 2/50 [wraith (13)]
  3490 | D:5      | Mangled by a wraith

Illustrated notes

Levels and vault maps discovered:
D:1:      psy_arrival_conway, layout_loops_ring,
          dreamdust_ecumenical_altar_statues, minmay_misc_feat_hallway
D:2:      layout_loops_ring, minmay_misc_feat_cross
D:3:      layout_loops_ring, uniq_terence, uniq_ijyb
D:4:      layout_rooms, minitemple, minmay_temple_entry_antechambers,
          serial_shops, kennysheep_mini, grunt_ministairs_9, hex_medium
D:5:      layout_gridville, hex_large

Skill      XL: |  1  2  3  4  5  6 |
---------------+-------------------+-----
Fighting       | 1 2 |  2.4
Dodging        | 2 |  2.9
Transmutations | 2 3 |  3.0
Spellcasting   | 2 |  2.8
Ranged Weapons | 1 2 |  2.0
Long Blades    | 1 2 |  2.1
Unarmed Combat | |  2.6
Ice Magic      | |  0.2

Action                     |  1- 3 |  4- 6 || total
---------------------------+-------+-------++-------
  Melee: Unarmed           |    78 |     1 ||    79
         Kick              |    21 |    26 ||    47
         Headbutt          |    12 |    15 ||    27
         Punch             |     3 |       ||     3
         Long sword        |     1 |   126 ||   127
   Fire: Sling             |     4 |     7 ||    11
   Cast: Beastly Appendage |    24 |    25 ||    49
         Wereblood         |     1 |    10 ||    11
  Evoke: Wand              |       |     2 ||     2
    Use: Scroll            |     1 |    10 ||    11
         Potion            |       |     1 ||     1
   Stab: Sleeping          |       |     4 ||     4
 Armour: Robe              |    11 |    21 ||    32
  Dodge: Dodged            |    41 |   142 ||   183

Table legend: (Time is in decaauts)
 A = Elapsed time spent in this place.
 B = Non-inter-level travel time spent in this place.
 C = Inter-level travel time spent in this place.
 D = Time resting spent in this place.
 E = Time spent auto-exploring this place.
 F = Levels seen in this place.
 G = Mean time per level.
                   A        B        C        D        E       F      G
               +--------+--------+--------+--------+--------+-----+--------+
         Total |   3531 |   3462 |     69 |    252 |   2466 |   5 |  706.2 |
       Dungeon |   3531 |   3462 |     69 |    252 |   2466 |   5 |  706.2 |
               +--------+--------+--------+--------+--------+-----+--------+

Top non-repeatable levels by time:
     D:3: 1149 daAuts
     D:4: 870 daAuts
     D:1: 756 daAuts
     D:2: 693 daAuts
     D:5: 61 daAuts
